 Dungeon Crawl Stone Soup version 0.30-a0-414-gcb316572d5 (webtiles) character file.

Game seed: 11628295812788769637

23 McMuffin the Caller (level 3, 0/26 HPs)
             Began as a Human Wanderer on Dec 8, 2022.
             Succumbed to a scorpion's poison
             ... on level 3 of the Dungeon.
             The game lasted 00:04:20 (364 turns).

McMuffin the Caller (Human Wanderer)                 Turns: 364, Time: 00:04:22

Health: 0/26       AC:  7    Str: 15    XL:     3   Next: 12%
Magic:  0/4        EV: 10    Int: 14    God:
Gold:   74         SH:  0    Dex:  9    Spells: 3/4 levels left

rFire   + . .      SeeInvis .    a - +0 club
rCold   x . .      Faith    .    (no shield)
rNeg    . . .      Spirit   .    c - +0 ring mail
rPois   .          Reflect  .    (no helmet)
rElec   .          Harm     .    (no cloak)
rCorr   .          Rampage  .    (no gloves)
Will    .....                    h - +1 pair of boots
Stlth   ..........               (no amulet)
HPRegen 0.24/turn                e - ring of fire
MPRegen 0.09/turn                (no ring)

@: lethally poisoned (0 -> -15), studying Evocations
A: no striking features
a: no special abilities


You were on level 3 of the Dungeon.
You visited 1 branch of the dungeon, and saw 3 of its levels.

You collected 74 gold pieces.

Inventory:

Hand Weapons
 a - a +0 club (weapon)
Armour
 c - a +0 ring mail (worn)
 h - a +1 pair of boots (worn)
Jewellery
 e - a ring of fire (left hand)
Scrolls
 d - a scroll of fear {unknown}
 g - a scroll of vulnerability {unknown}
 i - a scroll of poison {unknown}
Potions
 b - a potion of lignification
 f - a potion of heal wounds {unknown}


   Skills:
 + Level 1.2 Fighting
 + Level 0.2 Maces & Flails
 + Level 1.0 Armour
 + Level 1.2 Spellcasting
 + Level 5.4 Summonings
 + Level 2.1 Earth Magic


You had 3 spell levels left.
You knew the following spells:

 Your Spells              Type           Power      Damage    Failure   Level
a - Sandblast             Erth           12%        2d6       22%         1

Your spell library contained the following spells:

 Spells                   Type           Power      Damage    Failure   Level
 Summon Small Mammal      Summ           64%        N/A       5%          1
 Call Canine Familiar     Summ           16%        N/A       16%         3
 Summon Guardian Golem    Hex/Summ       8%         N/A       45%         3
 Stone Arrow              Conj/Erth      6%         3d7       69%         3


Dungeon Overview and Level Annotations

Branches:
Dungeon (3/15)

Altars:


Message History

Aiming: Sandblast (safe; 22% risk of failure)
Press: ? - help, Q - select action Shift-Dir - straight line, f/p - scorpion
Aim: a scorpion (81% to hit)
The blast of sand misses the scorpion.
The scorpion barely misses you.
You hit the scorpion.
The scorpion is lightly wounded.
The scorpion misses you.
You hit the scorpion.
The scorpion is lightly wounded.
The scorpion stings you.
You are poisoned.
The scorpion poisons you! The scorpion stings you.
You hit the scorpion.
The scorpion is moderately wounded.
You feel very sick. The scorpion barely misses you.
Aiming: Sandblast (safe; 22% risk of failure)
Press: ? - help, Q - select action Shift-Dir - straight line, f/p - scorpion
Aim: a scorpion (moderately wounded, 81% to hit)
The blast of sand hits the scorpion but does no damage.
The scorpion is moderately wounded.
You feel very sick. The scorpion stings you. The scorpion barely misses you.
You hit the scorpion.
The scorpion is heavily wounded.
You feel sick. The scorpion closely misses you.
You closely miss the scorpion.
The scorpion is moderately wounded.
You feel sick. The scorpion stings you.
* * * LOW HITPOINT WARNING * * *
You are lethally poisoned!
The scorpion poisons you!
The scorpion stings you but does no damage.
Aiming: Sandblast (safe; 22% risk of failure)
Press: ? - help, Q - select action Shift-Dir - straight line, f/p - scorpion
Aim: a scorpion (moderately wounded, 81% to hit)
The blast of sand hits the scorpion.
The scorpion is heavily wounded.
You die...

#. #..#
.###..###..####
......#........
.#.....<#..#####.
.............)...
.#.....##....###.
...........#.#
.............####
#########@s.....>
#..$..####
#.....# ......#
###...## ##.## .#
.#


You could see a scorpion.

Vanquished Creatures
  A worm (D:2)
  4 ball pythons
  3 bats
  2 endoplasms (D:2)
  2 goblins
  3 hobgoblins (D:1)
  2 jackals (D:1)
  A rat (D:1)
18 creatures vanquished.

Notes
Turn   | Place    | Note
-------+----------+-------------------------------------------
     0 | D:1      | McMuffin the Human Wanderer began the quest for the Orb.
     0 | D:1      | McMuffin set off with the following items: a +0 club, a
                  | potion of lignification, a +0 ring mail; and the following
                  | spells available to memorise: Summon Small Mammal,
                  | Sandblast, Call Canine Familiar, Summon Guardian Golem,
                  | Stone Arrow.
     0 | D:1      | Reached XP level 1. HP: 15/15 MP: 2/2
     5 | D:1      | Learned a level 1 spell: Sandblast
    85 | D:1      | Reached XP level 2. HP: 20/21 MP: 1/3
   293 | D:2      | Reached XP level 3. HP: 26/26 MP: 0/4
   353 | D:3      | Noticed a scorpion
   364 | D:3      | Succumbed to a scorpion's poison

Illustrated notes

Levels and vault maps discovered:
D:1:      dpeg_arrival_arbitrary_c, layout_rooms
D:2:      layout_basic, basic_altar, hangedman_glass_teeth
D:3:      layout_loops_ring, dk_noncrumbling_2, minmay_snake_closets,
          uniq_jessica

Action                   || total
-------------------------++-------
Melee: Club              ||    41
 Cast: Sandblast         ||    22
Armor: Ring mail         ||    29
Dodge: Dodged            ||    30

Table legend: (Time is in decaauts)
 A = Elapsed time spent in this place.
 B = Non-inter-level travel time spent in this place.
 C = Inter-level travel time spent in this place.
 D = Time resting spent in this place.
 E = Time spent auto-exploring this place.
 F = Levels seen in this place.
 G = Mean time per level.
                   A        B        C        D        E       F      G
               +--------+--------+--------+--------+--------+-----+--------+
         Total |    385 |    385 |      0 |      0 |      0 |   3 |  128.3 |
       Dungeon |    385 |    385 |      0 |      0 |      0 |   3 |  128.3 |
               +--------+--------+--------+--------+--------+-----+--------+

Top non-repeatable levels by time:
     D:1: 184 daAuts
     D:2: 180 daAuts
     D:3: 21 daAuts
